 Dungeon Crawl Stone Soup version 0.27-a0-1296-g8ece459b43 (webtiles) character file.

Game seed: 7316599082405779196

231 Ijustatesigmund the Ducker (level 5, -11/26 HPs)
             Began as a Spriggan Conjurer on June 16, 2021.
             Shot with an arrow by a centaur (12 damage)
             ... on level 5 of the Dungeon.
             The game lasted 00:10:29 (4055 turns).

Ijustatesigmund the Ducker (Spriggan Conjurer)      Turns: 4055, Time: 00:10:30

Health: -11/26     AC:  5    Str:  4    XL:     5   Next: 73%
Magic:  3/11       EV: 17    Int: 18    God:
Gold:   223        SH: 10    Dex: 13    Spells: 5/10 levels left

rFire    . . .     SeeInvis +   h - +1 dagger (holy)
rCold    . . .     Faith    .   d - +0 buckler
rNeg     + . .     Spirit   .   a - +0 robe
rPois    .         Reflect  +   (helmet restricted)
rElec    .         Harm     .   l - +2 cloak {Will+}
rCorr    .         Rampage  .   (gloves unavailable)
Will     +....                  (boots unavailable)
Stlth    ++........             o - amulet "Jeun" {Reflect +Inv Will- Int-2 SH+5 SInv}
HPRegen  0.08/turn              b - ring of willpower
MPRegen  0.12/turn              t - ring of positive energy

@: very quick
A: very small, no large weapons, unfitting armour, see invisible, speed 3
a: Evoke Invisibility


You were on level 5 of the Dungeon.
You visited 1 branch of the dungeon, and saw 6 of its levels.

You collected 223 gold pieces.

Inventory:

Hand Weapons
 f - a +0 short sword
 h - a +1 dagger of holy wrath (weapon)
Missiles
 g - 23 poisoned darts
 r - 6 boomerangs
Armour
 a - a +0 robe (worn)
 d - a +0 buckler (worn)
 l - a +2 cloak of willpower (worn)
Jewellery
 b - a ring of willpower (left hand)
 o - the amulet "Jeun" (around neck) {Reflect +Inv Will- Int-2 SH+5 SInv}
   (You acquired it on level 4 of the Dungeon)

   [amulet of reflection]

   It reflects blocked missile attacks.
   It affects your intelligence (-2).
   It lets you see invisible.
   It lets you turn invisible.
   It affects your SH (+5).
   It decreases your willpower.
 t - a ring of positive energy (right hand)
Wands
 p - a wand of flame (20)
 u - a wand of polymorph (6)
Scrolls
 e - a scroll of immolation
 m - a scroll of fog
 n - a scroll of fear
 s - a scroll of teleportation
Potions
 c - 2 potions of might
 i - a potion of curing
 j - a potion of cancellation
 k - a potion of lignification {unknown}
 q - a potion of brilliance {unknown}


   Skills:
 + Level 1.7 Fighting
 + Level 2.1 Short Blades
 + Level 4.1 Dodging
 - Level 3.0 Stealth
 - Level 2.0 Shields
 - Level 3.3 Spellcasting
 - Level 3.2 Conjurations
 + Level 0.4 Transmutations


You had 5 spell levels left.
You knew the following spells:

 Your Spells              Type           Power      Damage    Failure   Level
a - Magic Dart            Conj           56%        1d5       6%          1
b - Searing Ray           Conj           28%        3d4       9%          2
c - Wereblood             Tmut           4%         N/A       28%         2

Your spell library contained the following spells:

 Spells                   Type           Power      Damage    Failure   Level
 Beastly Appendage        Tmut           8%         N/A       19%         1
 Dazzling Flash           Conj/Hex       16%        N/A       34%         3
 Spider Form              Tmut/Pois      1%         N/A       54%         3
 Fulminant Prism          Conj/Hex       4%         3d6       75%         4
 Iskenderun's Mystic Bla  Conj/Tloc      8%         2d4       75%         4
 Ice Form                 Ice/Tmut       3%         N/A       91%         4


Dungeon Overview and Level Annotations

Branches:
Dungeon (6/15)
 Temple: D:4-7

Altars:
Vehumet


Innate Abilities, Weirdness & Mutations

You are very small and have problems with some larger weapons.
You are too small for most types of armour.
You have supernaturally acute eyesight. (SInv)
You cover ground extremely quickly. (Speed+++)


Message History

Aim: a hound zombie (heavily damaged, 100% to hit)
The magic dart hits the hound zombie.
The hound zombie is severely damaged.
You block the hound zombie's attack. x2
Casting: Magic Dart (safe; 6% risk of failure)
Confirm with . or Enter, or press ? or * to list all spells.
Aiming: Magic Dart (safe; 6% risk of failure)
Press: ? - help, Shift-Dir - straight line, f/p - hound zombie
Aim: a hound zombie (severely damaged, 100% to hit)
The magic dart hits the hound zombie.
The hound zombie is severely damaged.
The centaur shouts!
The centaur wields a +0 shortbow.
The centaur shoots an arrow.
The arrow hits you! You block the hound zombie's attack.
Your magical contamination has completely faded away.
The centaur shoots an arrow.
The arrow hits you.
There is a stone staircase leading up here.
Casting: Magic Dart (safe; 6% risk of failure)
Confirm with . or Enter, or press ? or * to list all spells.
Aiming: Magic Dart (safe; 6% risk of failure)
Press: ? - help, Shift-Dir - straight line, f/p - hound zombie
Aim: a hound zombie (severely damaged, 100% to hit)
The magic dart hits the hound zombie.
The hound zombie is almost destroyed.
Casting: Magic Dart (safe; 6% risk of failure)
Confirm with . or Enter, or press ? or * to list all spells.
Aiming: Magic Dart (safe; 6% risk of failure)
Press: ? - help, Shift-Dir - straight line, f/p - hound zombie
Aim: a hound zombie (almost destroyed, 100% to hit)
The magic dart hits the hound zombie.
The hound zombie is almost destroyed.
You hit the hound zombie.
You destroy the hound zombie!
The centaur shoots an arrow.
You reflect the arrow off an invisible shield around you!
The arrow barely misses the centaur.
The centaur shoots an arrow.
The arrow hits you!
* * * LOW HITPOINT WARNING * * *
The centaur shoots an arrow.
The arrow hits you!
You die...

.# ......##.####.#
.#####......[.......#
...............#.##.# #
........#.######.##.# .#
........#.# #.##.####[
........#.# #.##.##..
...####.#.# ####.##.##.#
##.####.#.###.......##.#
...c.......c....@......#
###.###...###.########.#
#.(.#...# #.# ##.#.#
#.......# #.# ..#.#
#...#...# #.# #.#.#
###...#........ #.#.###
..........##### #.....#
###.........#
#.####.#####
###...###.#.###......#


You could see a centaur.

Vanquished Creatures
  A howler monkey (D:4)
  Terence (D:2)
  A hound zombie (D:5)
  A hound skeleton (D:4)
  10 adders
  An adder zombie (D:5)
  A worm (D:3)
  A dart slug (D:4)
  An orc (D:5)
  3 bats
  2 endoplasms
  8 goblins
  5 hobgoblins
  A quokka (D:2)
  4 ball pythons
  5 kobolds
  A rat (D:2)
47 creatures vanquished.

Notes
Turn   | Place    | Note
-------+----------+-------------------------------------------
     0 | D:1      | Ijustatesigmund the Spriggan Conjurer began the quest for
                  | the Orb.
     0 | D:1      | Reached XP level 1. HP: 9/9 MP: 5/5
   165 | D:1      | Reached skill level 3 in Dodging
   302 | D:1      | Found a faded altar of an unknown god.
   908 | D:2      | Reached XP level 2. HP: 14/14 MP: 0/6
   976 | D:2      | Reached skill level 1 in Fighting
   976 | D:2      | Reached skill level 1 in Short Blades
   979 | D:2      | Learned a level 2 spell: Searing Ray
  1336 | D:2      | Reached XP level 3. HP: 18/18 MP: 4/8
  1428 | D:2      | Found a radiant altar of Vehumet.
  1429 | D:2      | Noticed Terence
  1448 | D:2      | Killed Terence
  1449 | D:2      | Reached skill level 1 in Shields
  1523 | D:2      | Reached XP level 4. HP: 22/22 MP: 2/9
  1914 | D:2      | Identified a scroll of acquirement
  1914 | D:2      | Acquired a +2 cloak of willpower
  2293 | D:3      | You fall into a shaft and drop 3 floors!
  2316 | D:5      | Entered Level 5 of the Dungeon
  2423 | D:5      | Noticed a centaur
  2466 | D:5      | Noticed a bullfrog
  2542 | D:4      | Acquired the amulet "Jeun" {Reflect +Inv Will- Int-2 SH+5
                  | SInv}
  2907 | D:4      | Reached XP level 5. HP: 25/25 MP: 5/10
  3100 | D:4      | Reached skill level 4 in Dodging
  3708 | D:3      | Learned a level 2 spell: Wereblood
  4001 | D:3      | You fall into a shaft and drop 2 floors!
  4055 | D:5      | HP: 1/26 [centaur/arrow (11)]
  4055 | D:5      | Shot with an arrow by a centaur

Illustrated notes

Levels and vault maps discovered:
D:1:      dpeg_arrival_lava_temple_mockup, layout_basic,
          hellmonk_ecumenical_altar_heavens_door
D:2:      layout_basic, basic_altar, uniq_terence
D:3:      wad_pebble_path, layout_basic
D:4:      layout_basic
D:5:      layout_basic, kennysheep_mini, lemuel_crystal_altar
D:6:      minmay_clustersquares, layout_loops_ring,
          beargit_hepliaklqana_dungeon_heroes, lemuel_round_altar,
          jmf_multi_god_temple2, minmay_stone_trees_medium, kennysheep_path_1

Skill      XL: |  1  2  3  4  5 |
---------------+----------------+-----
Dodging        | 3 4 |  4.1
Fighting       | 1 |  1.7
Short Blades   | 1 2 |  2.1
Shields        | 1 2 |  2.0
Conjurations   | 3 |  3.2
Spellcasting   | 3 |  3.3
Stealth        | |  3.0
Transmutations | |  0.4

Action                   |  1- 3 |  4- 6 || total
-------------------------+-------+-------++-------
Melee: Dagger            |     2 |    49 ||    51
 Cast: Magic Dart        |    45 |    87 ||   132
       Searing Ray       |     1 |     3 ||     4
  Use: Scroll            |     2 |     7 ||     9
       Potion            |       |     2 ||     2
 Stab: Sleeping          |     1 |     2 ||     3
Armor: Robe              |       |     7 ||     7
Dodge: Dodged            |     5 |    33 ||    38
Block: Buckler           |     1 |    26 ||    27
       Reflection        |       |     2 ||     2

Table legend: (Time is in decaauts)
 A = Elapsed time spent in this place.
 B = Non-inter-level travel time spent in this place.
 C = Inter-level travel time spent in this place.
 D = Time resting spent in this place.
 E = Time spent auto-exploring this place.
 F = Levels seen in this place.
 G = Mean time per level.
                   A        B        C        D        E       F      G
               +--------+--------+--------+--------+--------+-----+--------+
         Total |   3147 |   3090 |     57 |    860 |   1778 |   6 |  524.5 |
       Dungeon |   3147 |   3090 |     57 |    860 |   1778 |   6 |  524.5 |
               +--------+--------+--------+--------+--------+-----+--------+

Top non-repeatable levels by time:
     D:2: 1129 daAuts
     D:1: 604 daAuts
     D:4: 600 daAuts
     D:3: 585 daAuts
     D:5: 213 daAuts
     D:6: 14 daAuts
